 Dungeon Crawl Stone Soup version 0.20.1-1-g8b1a95d (webtiles) character file.

5494 KleinerIrrer the Grappler (level 10, -2/138 HPs)
             Began as a Troll Fighter on July 5, 2017.
             Was a Believer of Cheibriados (penitent).
             Slain by a three-headed hydra (6 damage)
             ... on level 8 of the Dungeon.
             The game lasted 00:15:20 (6310 turns).

KleinerIrrer the Grappler (Troll Fighter)           Turns: 6310, Time: 00:15:21

Health: -2/138     AC:  7    Str: 28    XL:     10   Next: 42%
Magic:  11/11      EV: 12    Int:  4    God:    Cheibriados [*]
Gold:   375        SH: 11    Dex: 12    Spells: 9/9 levels left

rFire    + . .     SeeInvis .   H - +9 dagger "Getsiax" {pierce, +Blink rElec rF+ Str-3}
rCold    . . .     Gourm    +   b - +0 shield
rNeg     + . .     Faith    .   K - +0 troll leather armour
rPois    .         Spirit   .   p - +0 hat
rElec    +         Reflect  .   (no cloak)
rCorr    .         Harm     .   (gloves unavailable)
MR       .....                  (boots unavailable)
Stlth    ..........             (no amulet)
Regen    1.2/turn               c - ring of positive energy
MPRegen  0.2/turn               (no ring)

@: berserking, very slow
A: unfitting armour, claws 3, fast metabolism 3, gourmand, regeneration 1,
shaggy fur 1, tough skin 2
a: Renounce Religion, Evoke Blink


You were on level 8 of the Dungeon.
You worshipped Cheibriados.
Cheibriados was demanding penance.
You were completely stuffed.

You visited 2 branches of the dungeon, and saw 10 of its levels.

You collected 430 gold pieces.
You spent 55 gold pieces at shops.

Inventory:

Hand Weapons
 H - the +9 dagger "Getsiax" (weapon) {pierce, +Blink rElec rF+ Str-3}
   (You found it on level 7 of the Dungeon)

   It inflicts extra damage upon your enemies.
   It affects your strength (-3).
   It protects you from fire.
   It insulates you from electricity.
   It lets you blink.
Missiles
 w - 2 large rocks (quivered)
Armour
 b - a +0 shield (worn)
 p - a +0 hat (worn)
 q - a +0 large shield
 K - a +0 troll leather armour (worn)
Jewellery
 c - a ring of positive energy (left claw)
Wands
 g - a wand of iceblast (8/15)
 z - a wand of iceblast (5/15)
 F - a wand of confusion (48/48)
 J - a wand of polymorph (15/24)
 L - a wand of acid (7/15)
 O - a wand of confusion (19/48)
Scrolls
 a - a scroll of acquirement {unknown}
 f - 2 scrolls of identify
 m - 2 scrolls of blinking {unknown}
 o - 2 scrolls of recharging
 s - a scroll of noise {unknown}
 t - a scroll of enchant weapon {unknown}
 u - 2 scrolls of enchant armour {unknown}
 y - a scroll of fog {unknown}
 A - 2 scrolls of fear {unknown}
 C - a scroll of magic mapping {unknown}
 D - 3 scrolls of teleportation
 G - a scroll of amnesia
Potions
 e - a potion of lignification
 i - a potion of magic {unknown}
 j - 2 potions of agility
 k - 2 potions of heal wounds
 l - 2 potions of berserk rage
 n - a potion of flight
 v - 2 potions of curing
 x - a potion of mutation
 B - 2 potions of degeneration
 E - a potion of might
 M - 2 potions of resistance {unknown}
Books
 I - a book of Maledictions

   Spells                             Type                      Level
   a - Corona                         Hexes                        1
   b - Ensorcelled Hibernation        Hexes/Ice                    2
   c - Confuse                        Hexes                        3
   d - Tukima's Dance                 Hexes                        3
   e - Dazzling Spray                 Conjuration/Hexes            3
Comestibles
 d - 9 bread rations
 h - 6 meat rations
 r - 7 royal jellies
 N - 4 chunks of flesh
 P - 14 fruits


   Skills:
 + Level 3.9 Fighting
 - Level 0.4 Short Blades
 + Level 5.7 Dodging
 * Level 8.1 Shields
 + Level 9.6 Unarmed Combat
 * Level 3.9 Invocations


You had 9 spell levels left.
You didn't know any spells.

Dungeon Overview and Level Annotations

Branches:
Dungeon (9/15)             Temple (1/1) D:5
   Lair: D:8-11         Orc: D:9-12

Altars:
Ashenzari
Cheibriados
Dithmenos
Elyvilon
Fedhas
Gozag
Hepliaklqana
Kikubaaqudgha
Makhleb
Nemelex Xobeh
Okawaru
Qazlal
Ru
Sif Muna
Trog
Uskayaw
Vehumet
Xom
Yredelemnul
Zin
The Shining One

Shops:
D:4 %   D:5 *   D:9 %


Innate Abilities, Weirdness & Mutations

You are too large for most types of armour.
You have claws for hands.
Your metabolism is lightning-fast.
You like to eat raw meat.
Your natural rate of healing is unusually fast.
You are covered in fur. (AC +1)
You have very tough skin. (AC +2)


Message History

The three-headed hydra bites you.
* * * LOW HITPOINT WARNING * * *
You puncture the three-headed hydra!
The three-headed hydra is moderately wounded.
The big kobold closely misses you.
You puncture the three-headed hydra!
The three-headed hydra is heavily wounded.
You block the three-headed hydra's attack.
The three-headed hydra bites you!
* * * LOW HITPOINT WARNING * * *
The three-headed hydra bites you but does no damage.
The big kobold hits you.
* * * LOW HITPOINT WARNING * * *
You are too berserk!
You puncture the three-headed hydra!
The three-headed hydra is severely wounded.
The three-headed hydra bites you!
* * * LOW HITPOINT WARNING * * *
The three-headed hydra bites you.
You die...

########## #PP≈P.+).#
#P≈≈≈≈#.%#
#≈.P≈P##'##########
###)....#DK#........#
#..≈....'@.#........#
#÷#..P..'..#........####
#†#≈....'..#...........###
#.#.....#..#........##....
#.##########........######
#(###...## #........#
#.....#..##########.##
#####(##..# #..# #>###.#
##.###


You could see a three-headed hydra and a big kobold.

Vanquished Creatures
  A two-headed ogre (D:9)
  The ghost of Tristus the Cleaver, a novice MiAK of Lugonu (D:7)
  A troll (D:9)
  Grinder (D:4)
  2 hippogriffs
  2 dream sheep (D:8)
  Sigmund (D:5)
  2 yaks (D:8)
  Menkaure (D:5)
  Edmund (D:5)
  A hungry ghost (D:8)
  A necrophage (D:8)
  6 ogres
  A phantom (D:8)
  An ice beast (D:6)
  A centaur (D:6)
  5 big kobolds
  A bullfrog (D:7)
  A gnoll sergeant (D:8)
  The ghost of letownia the Grave Robber, a weakling DDNe (D:4)
  5 crimson imps
  A howler monkey (D:8)
  A bullfrog zombie (D:5)
  4 hounds
  4 jellies
  A bullfrog skeleton (D:7)
  3 orc priests
  3 orc wizards (D:6)
  Jessica (D:3)
  4 worker ants
  The ghost of letownia the Grave Robber, a weakling DDNe (D:3)
  A hound zombie (D:6)
  A hound skeleton (D:5)
  5 gnolls
  11 adders
  2 oozes
  2 worms
  4 leopard geckos
  18 orcs
  7 giant cockroaches
  8 hobgoblins
  2 jackals (D:2)
  5 quokkas
  10 bats
  2 frilled lizards
  3 goblins
  18 kobolds
  11 rats
170 creatures vanquished.

Notes
Turn   | Place    | Note
-------+----------+-------------------------------------------
     0 | D:1      | KleinerIrrer the Troll Fighter began the quest for the Orb.
     0 | D:1      | Reached XP level 1. HP: 22/22 MP: 0/0
    15 | D:1      | Reached XP level 2. HP: 7/29 MP: 1/1
   336 | D:1      | Reached XP level 3. HP: 33/36 MP: 2/2
   830 | D:2      | Found an opulent altar of Gozag.
   858 | D:2      | Found a sacrificial altar of Ru.
   869 | D:2      | Found a hide-covered altar of Uskayaw.
  1216 | D:2      | Reached XP level 4. HP: 44/44 MP: 3/3
  1685 | D:3      | Noticed Jessica
  1692 | D:3      | Killed Jessica
  1692 | D:3      | Reached skill level 3 in Unarmed Combat
  1692 | D:3      | Reached XP level 5. HP: 52/53 MP: 4/4
  1722 | D:3      | Noticed letownia's ghost (weakling DDNe)
  1729 | D:3      | Killed letownia's ghost
  2113 | D:3      | Reached skill level 4 in Unarmed Combat
  2113 | D:3      | Reached XP level 6. HP: 51/61 MP: 5/5
  2413 | D:4      | Noticed Grinder
  2418 | D:4      | Noticed letownia's ghost (weakling DDNe)
  2424 | D:4      | Killed Grinder
  2424 | D:4      | Reached skill level 5 in Unarmed Combat
  2424 | D:4      | Reached XP level 7. HP: 46/67 MP: 6/6
  2435 | D:4      | Killed letownia's ghost
  2963 | D:4      | Found a white marble altar of Elyvilon.
  2965 | D:4      | Found a sacrificial altar of Ru.
  2965 | D:4      | Found a shimmering altar of Xom.
  2967 | D:4      | Found a shimmering altar of Xom.
  2967 | D:4      | Found a bloodstained altar of Trog.
  2967 | D:4      | Found a white marble altar of Elyvilon.
  3006 | D:4      | Found Inoskin's Food Emporium.
  3138 | D:5      | Entered Level 5 of the Dungeon
  3295 | D:5      | Noticed Sigmund
  3308 | D:5      | Killed Sigmund
  3308 | D:5      | Reached skill level 6 in Unarmed Combat
  3325 | D:5      | Found a staircase to the Ecumenical Temple.
  3333 | Temple   | Entered the Ecumenical Temple
  3424 | Temple   | Became a worshipper of Cheibriados the Contemplative
  3478 | D:5      | Reached skill level 5 in Shields
  3478 | D:5      | Reached XP level 8. HP: 60/75 MP: 7/7
  3570 | D:5      | Noticed Menkaure
  3577 | D:5      | Killed Menkaure
  3762 | D:5      | Noticed a hippogriff
  3771 | D:5      | Killed a hippogriff
  3842 | D:5      | Noticed Edmund
  3851 | D:5      | Killed Edmund
  3851 | D:5      | Reached skill level 7 in Unarmed Combat
  3892 | D:5      | Found Sivymufuj's General Store.
  3897 | D:5      | Bought a potion of heal wounds for 55 gold pieces
  4367 | D:6      | Reached skill level 1 in Invocations
  4403 | D:6      | Reached XP level 9. HP: 32/83 MP: 8/8
  4645 | D:6      | You fall through a shaft!
  4652 | D:7      | Reached * piety under Cheibriados
  4652 | D:7      | Reached skill level 5 in Dodging
  4784 | D:7      | Reached skill level 8 in Unarmed Combat
  4902 | D:7      | Noticed Tristus's ghost (novice MiAK)
  4923 | D:7      | Killed Tristus's ghost
  4933 | D:7      | Found an iron altar of Okawaru.
  5087 | D:7      | Got a bloodstained dagger
  5088 | D:7      | Identified the +9 dagger "Getsiax" {pierce, +Blink rElec rF+ Str-3} (You found it on level 7 of the Dungeon)
  5543 | D:8      | You fall through a shaft!
  5547 | D:9      | Noticed a troll
  5555 | D:9      | Killed a troll
  5646 | D:9      | Found Iloageut's Food Emporium.
  5652 | D:9      | Noticed a two-headed ogre
  5662 | D:9      | Killed a two-headed ogre
  5662 | D:9      | Reached skill level 9 in Unarmed Combat
  5662 | D:9      | Reached XP level 10. HP: 47/92 MP: 11/11
  5664 | D:9      | Reached ** piety under Cheibriados
  6298 | D:8      | Noticed a three-headed hydra
  6306 | D:8      | Was placed under penance by Cheibriados
  6310 | D:8      | HP: 4/138 [three-headed hydra (11)]
  6310 | D:8      | Slain by a three-headed hydra

Skill      XL: |  1  2  3  4  5  6  7  8  9 10 |
---------------+-------------------------------+-----
Dodging        | 3 4 5 |  5.7
Shields        | 3 4 5 6 7 8 |  8.1
Fighting       | 3 |  3.9
Unarmed Combat | 3 4 5 6 7 9 |  9.6
Invocations    | 1 3 |  3.9
Short Blades   | |  0.4

Action                   |  1- 3 |  4- 6 |  7- 9 | 10-12 || total
-------------------------+-------+-------+-------+-------++-------
Melee: Unarmed           |   130 |   117 |   231 |    97 ||   575
       Dagger            |       |       |    17 |     9 ||    26
  Use: Scroll            |     1 |       |    12 |       ||    13
       Potion            |       |       |     1 |     1 ||     2
 Stab: Sleeping          |     1 |     1 |     1 |     1 ||     4
  Eat: Chunk             |    17 |    11 |    29 |     5 ||    62
Armor: Robe              |    52 |    22 |    25 |       ||    99
       Troll leather arm |       |       |       |     8 ||     8
Dodge: Dodged            |    39 |    25 |    74 |    32 ||   170
Block: Shield            |    62 |    50 |   128 |    48 ||   288
